 Dungeon Crawl Stone Soup version 0.31-a0-1499-ge0622b2318 (webtiles) character file.

Game seed: 15930456509968636528

90384 Lobster4 the Metamorph (level 16, -18/183 HPs)
             Began as a Merfolk Shapeshifter on Dec 29, 2023.
             Was the Champion of Uskayaw.
             Demolished by a necromancer simulacrum (63 damage)
             ... on level 14 of the Dungeon on Dec 30, 2023.
             The game lasted 02:10:11 (31849 turns).

Lobster4 the Metamorph (Merfolk Shapeshifter)      Turns: 31849, Time: 02:10:12

Health: -18/183    AC: 18    Str: 27    XL:     16   Next: 0%
Magic:  19/22      EV: 14    Int: 15    God:    Uskayaw [******]
Gold:   1740       SH:  0    Dex: 13    Spells: 9/23 levels left

rFire   + + .        a - melded +5 glaive of the Guard {elec, spectral}
rCold   x . .        (shield currently unavailable)
rNeg    . . .        p - melded +2 robe of Gunuud {rPois Will+ Regen+}
rPois   +            B - melded +2 helmet
rElec   .            I - melded +2 cloak {Stlth+}
rCorr   .            C - melded +2 pair of gloves {Dex+3}
SInv    .            v - melded +1 pair of boots "Buczel" {rN+ MP+9 Str+3}
Will    +....        Q - amulet of the acrobat
Stlth   ++           x - +4 ring of protection
HPRegen 0.50/turn    S - +5 ring of evasion
MPRegen 0.18/turn

%: acrobat
@: dragon-form, fragile (+50% incoming damage), flying
A: dragon claw, dragon scales, breathe fire, flying, boosted hp, giant, (nimble
swimmer 2), (mertail)
a: Breathe Fire, Begin Untransformation, Renounce Religion, Stomp, Line Pass,
Grand Finale


You were on level 14 of the Dungeon.
You worshipped Uskayaw.
Uskayaw was noncommittal.
You were a fearsome dragon!
You visited 3 branches of the dungeon, and saw 21 of its levels.
You also visited: Bailey and Gauntlet.

You collected 2649 gold pieces.
You spent 909 gold pieces at shops.

Inventory:

Hand Weapons
 a - the +5 glaive of the Guard (melded) {elec, spectral}
   (You took it off a minotaur in a Gauntlet)
 u - the +5 dagger of Kavyl {flame, Stlth+}
   (You found it on level 13 of the Dungeon)

   Stlth+:    It makes you more stealthy.
 P - the +1 spear of Non Obstante Veredicto {heavy, rF+}
   (You found it in a Gauntlet)

   rF+:       It protects you from fire.
Missiles
 q - 5 curare-tipped darts
 y - 25 boomerangs (quivered)
 L - 9 silver javelins
Armour
 p - the +2 robe of Gunuud (melded) {rPois Will+ Regen+}
   (You took it off a wight on level 9 of the Dungeon)

   rPois:     It protects you from poison Will+: It increases your willpower.
   Regen+:    It increases your rate of health regeneration.
 v - the +1 pair of boots "Buczel" (melded) {rN+ MP+9 Str+3}
   (You acquired it on level 13 of the Dungeon)

   Str+3:     It affects your strength (+3).
   rN+:       It protects you from negative energy.
   MP+9:      It affects your magic capacity (+9).
 B - a +2 helmet (melded)
 C - a +2 pair of gloves of dexterity (melded)
 I - a +2 cloak of stealth (melded)
 W - a +1 robe of cold resistance
Magical Staves
 s - a staff of air
 V - a staff of alchemy
Jewellery
 k - a ring of willpower
 n - a ring of flight
 x - a +4 ring of protection (left foreclaw)
 z - the ring of Lauhudac {rN+ Int+6 SInv}
   (You found it in a Gauntlet)

   [ring of see invisible]

   Int+6:     It affects your intelligence (+6).
   rN+:       It protects you from negative energy.
   SInv:      It lets you see invisible.
 A - a ring of fire
 Q - an amulet of the acrobat (around neck)
 S - a +5 ring of evasion (right foreclaw)
Talismans
 c - a beast talisman
 d - a flux talisman
 e - a maw talisman
 f - a blade talisman
 g - a dragon-blood talisman (active)
Wands
 m - a wand of mindburst (14)
 H - a wand of paralysis (9)
 N - a wand of flame (4)
Scrolls
 i - 6 scrolls of fog
 j - a scroll of summoning
 o - 3 scrolls of poison
 r - 3 scrolls of enchant weapon
 w - 4 scrolls of amnesia
 K - 6 scrolls of identify
 T - 7 scrolls of teleportation
 U - a scroll of silence
 X - 2 scrolls of blinking
 Y - 4 scrolls of fear
Potions
 h - a potion of haste
 l - 8 potions of curing
 t - 8 potions of ambrosia
 D - 2 potions of brilliance
 E - a potion of resistance
 G - 2 potions of invisibility
 J - 3 potions of magic
 O - 2 potions of lignification
 R - a potion of might
Miscellaneous
 b - a phantom mirror (inert)
 M - a condenser vane
 Z - a lightning rod (4/4)


   Skills:
 - Level 10.0 Fighting
 - Level 2.0 Short Blades
 + Level 9.0 Polearms
 - Level 2.0 Throwing
 - Level 3.0 Armour
 + Level 5.8 Dodging
 - Level 3.0 Stealth
 + Level 13.7 Unarmed Combat
 + Level 4.4 Spellcasting
 + Level 2.6 Conjurations
 - Level 4.0 Summonings
 - Level 3.0 Translocations
 + Level 9.7 Ice Magic
 - Level 5.0 Alchemy
 - Level 5.0 Invocations
 - Level 3.0 Evocations
 * Level 20.2 Shapeshifting


You had 9 spell levels left.
You knew the following spells:

 Your Spells              Type           Power      Damage    Failure   Level
a - Ozocubu's Armour      Ice            32%        N/A       1%          3
b - Magic Dart            Conj           44%        1d5       6%          1
c - Sting                 Conj/Alch      56%        1d6       3%          1
d - Hailstorm             Conj/Ice       21%        3d7       4%          3
g - Summon Ice Beast      Ice/Summ       23%        N/A       3%          3
o - Apportation           Tloc           24%        N/A       4%          1
x - Blink                 Tloc           24%        N/A       8%          2

Your spell library contained the following spells:

 Spells                   Type           Power      Damage    Failure   Level
 Freeze                   Ice            100%       1d10      1%          1
 Summon Small Mammal      Summ           60%        N/A       3%          1
 Ensorcelled Hibernation  Hex/Ice        34%        N/A       3%          2
 Call Imp                 Summ           30%        N/A       4%          2
 Mercury Vapours          Alch/Air       20%        N/A       10%         2
 Cigotuvi's Dreadful Rot  Necr/Alch/Air  16%        N/A       13%         2
 Necrotise                Necr           12%        1d4       17%         1
 Mephitic Cloud           Conj/Alch/Air  10%        N/A       19%         3
 Dazzling Flash           Conj/Hex       14%        N/A       30%         3
 Fugue of the Fallen      Necr           3%         N/A       45%         3
 Manifold Assault         Tloc           12%        N/A       45%         4
 Martyr's Knell           Necr/Summ      9%         N/A       58%         4
 Freezing Cloud           Conj/Ice/Air   7%         6-21      65%         5
 Vhi's Electric Charge    Tloc/Air       14%        N/A       67%         4
 Anguish                  Hex/Necr       1%         N/A       86%         4
 Cause Fear               Hex            1%         N/A       86%         4
 Dispel Undead            Necr           3%         3d7       86%         4
 Summon Mana Viper        Hex/Summ       9%         N/A       91%         5
 Arcjolt                  Conj/Air       3%         1d13      95%         5
 Fireball                 Conj/Fire      3%         3d4       95%         5
 Ozocubu's Refrigeration  Ice            16%        4d11      95%         7
 Curse of Agony           Necr           3%         N/A       99%         5
 Silence                  Hex/Air        1%         N/A       99%         5
 Death Channel            Necr           1%         N/A       100%        6
 Dispersal                Tloc           6%         N/A       100%        6
 Enfeeble                 Hex            1%         N/A       100%        7
 Monstrous Menagerie      Summ           7%         N/A       100%        7
 Disjunction              Tloc           6%         N/A       100%        8
 Maxwell's Capacitive Co  Air            1%         ∞         100%        8
 Dragon's Call            Summ           7%         N/A       100%        9


Dungeon Overview and Level Annotations

Branches:
Dungeon (14/15)            Temple (0/1) D:6            Lair (5/5) D:11
  Swamp (0/4) Lair:3       Spider (0/4) Lair:2        Slime (0/5) Lair:5
    Orc (2/2) D:9             Elf (0/3) Orc:2        Vaults (0/5) D:14
 Bailey (visited)         Gauntlet (visited)

Altars:
Ashenzari
Cheibriados
Dithmenos
Kikubaaqudgha
Makhleb
Okawaru
Ru
Sif Muna
Trog
Uskayaw
Wu Jian
Zin
The Shining One
Jiyva

Shops:
D:5 [   Orc:2 !=?(

Portals:
Trove: D:13 (give 12 potions of heal wounds)

Annotations:
D:9 2 transporters
Lair:5 3 runed translucent doors, jlumianski's ghost, journeyman GnSh


Innate Abilities, Weirdness & Mutations

You are a fearsome dragon!
You have a powerful clawing attack.
Your giant scaled body is strong and resilient, but less evasive.
You can breathe fire.
You are flying.
Your maximum health is greatly increased.
Your armour is entirely melded.
You are incapable of wielding weapons or throwing items.
((You are very nimble when in or above water. (Stealth+, EV+, Speed+++)))
((Your lower body shifts to a powerful aquatic tail in water.))


Message History

The vault guard is severely wounded.
The arcanist is severely wounded.
The necromancer is moderately wounded.
The vault guard is moderately wounded.
The necromancer closely misses you. The vault guard closely misses you.
The vault guard hits you but does no damage.
The arcanist closely misses you.
You maul the arcanist!!!
You kill the arcanist!
A freezing mist starts to gather...
An arcanist simulacrum comes into view.
You claw the necromancer!
The necromancer is heavily wounded.
The vault guard misses you. The vault guard completely misses you.
The necromancer hits you with a +0 dagger.
* * * LOW HITPOINT WARNING * * *
You maul the necromancer!!!
You kill the necromancer!
A freezing mist starts to gather...
A necromancer simulacrum comes into view.
The arcanist simulacrum hits you but does no damage.
The vault guard closely misses you.
The vault guard hits you but does no damage.
You claw the vault guard!
The vault guard is severely wounded.
You maul the vault guard!!!
You kill the vault guard!
A freezing mist starts to gather...
A vault guard simulacrum comes into view.
The vault guard hits you with a +0 great sword!!
* * * LOW HITPOINT WARNING * * *
The arcanist simulacrum completely misses you.
The necromancer simulacrum hits you but does no damage.
Your Polearms skill increases to level 9!
You have reached level 16!
You feel much better. The vault guard misses you.
The arcanist simulacrum hits you but does no damage.
The necromancer simulacrum hits you.
* * * LOW HITPOINT WARNING * * *
The necromancer simulacrum freezes you!!!
You feel a terrible chill!
You die...

#).... +>....
#############.##.....
#!:...#....)#.##.....
#.....'.....#.##.....
#..⌠..'..⌠..#.##.....
#.....'.....#.##.....
#..Z..#†.†.†#.##.....
##')D###)''##.##.....
#..pZZ#(....#.#####..
#.....#....†'..#####.
#..∩..#..⌠.††........
#....$#)..).'........
#"$.($#.[...#.#......
#############.#......
..#...... #..+......


You could see a vault guard (soul bound), a necromancer simulacrum, a vault
guard simulacrum and an arcanist simulacrum.

Vanquished Creatures
  Rupert (D:12)
  A sphinx (D:12)
  A frost giant (D:12)
  An orc warlord (Bailey)
  A stone giant (D:12)
  A minotaur (Gauntlet)
  Josephine (Lair:5)
  4 hydras
  2 vault guards (D:14)
  3 catoblepae (Lair:5)
  A death knight (D:12)
  A tengu warrior (D:12)
  2 two-headed ogres
  11 death yaks
  A centaur warrior (D:14)
  2 orc high priests
  Amaemon (Lair:3)
  Sonja (Lair:4)
  A sixfirhy (Gauntlet)
  2 skysharks
  2 bog bodies (Lair:3)
  2 arcanists (D:14)
  2 lindwurms (Lair:4)
  2 deep elf pyromancers
  3 necromancers
  4 orc sorcerers (Orc:2)
  8 manticores
  An orc knight (Bailey)
  A cyclops (D:10)
  4 ugly things
  4 meliai
  2 black mambas (shapeshifter)
  4 kobold blastminers
  A gargoyle (D:12)
  16 cane toads
  An orange demon (Lair:3)
  An unseen horror (D:11)
  8 rime drakes
  8 komodo dragons
  A kobold demonologist (D:12)
  A queen bee (D:13)
  5 trolls
  3 hornets
  A polar bear (Lair:1)
  19 blink frogs
  3 slime creatures (D:12)
  2 shadows
  A wyvern (shapeshifter) (D:13)
  47 yaks
  2 vampires
  8 wraiths
  8 basilisks
  10 wyverns
  2 steam dragons
  3 wargs
  11 vampire mosquitoes
  18 humans (D:14)
  4 redbacks (Lair:2)
  Menkaure (D:6)
  An acid dragon (D:12)
  17 water moccasins
  A hell hound (Lair:5)
  3 ice beasts
  19 orc warriors
  A sky beast (D:6)
  A black bear (Lair:4)
  3 laughing skulls (Gauntlet)
  6 ogres
  17 wolves
  A boggart (D:12)
  4 centaurs
  A phantom (D:9)
  A weeping skull (Gauntlet)
  2 gnoll sergeants
  10 bullfrogs
  5 kobold brigands
  5 scorpions
  3 wights (D:9)
  2 troll zombies (D:9)
  A burial acolyte (D:6)
  27 killer bees
  An electric eel (Lair:2)
  11 howler monkeys
  3 gnoll boudas
  A hound (D:5)
  2 jellies
  27 orc priests
  Crazy Yiuf (D:4)
  An iron imp (D:9)
  3 sleepcaps
  8 iguanas
  41 orc wizards
  3 hell rats (Lair:5)
  6 ogre zombies (D:9)
  Robin (D:4)
  4 adders
  22 gnolls
  3 shadow imps
  2 white imps
  5 ufetubi
  3 dart slugs
  56 orcs
  13 ball pythons
  4 endoplasms
  4 giant cockroaches
  8 gnoll zombies (D:9)
  26 goblins
  8 hobgoblins
  14 jackals
  2 quokkas
  8 bats
  2 frilled lizards
  3 gnoll skeletons (D:9)
  3 jackal zombies (D:6)
  29 kobolds
  3 orc skeletons (D:9)
  11 orc zombies (D:9)
  7 rats
743 creatures vanquished.

Vanquished Creatures (collateral kills)
  Erolcha (D:11)
  A troll (D:12)
  A sky beast (D:8)
3 creatures vanquished.

Vanquished Creatures (others)
  An occultist (D:9)
  An orc (D:8)
2 creatures vanquished.

Grand Total: 748 creatures vanquished

Notes
Turn   | Place    | Note
-------+----------+-------------------------------------------
     0 | D:1      | Lobster4 the Merfolk Shapeshifter began the quest for the
                  | Orb.
     0 | D:1      | Reached XP level 1. HP: 15/15 MP: 1/1
   163 | D:1      | Reached XP level 2. HP: 19/21 MP: 2/2
   652 | D:1      | Reached XP level 3. HP: 26/26 MP: 3/3
  1019 | D:2      | Reached skill level 1 in Stealth
  1455 | D:2      | Reached XP level 4. HP: 32/33 MP: 4/4
  1488 | D:2      | Found a faded altar of an unknown god.
  1595 | D:2      | Identified the +2 short sword of the Exiled Knives {venom,
                  | Int+3}
  1740 | D:2      | Found a broken altar of Ashenzari.
  1761 | D:2      | Reached skill level 1 in Short Blades
  2340 | D:3      | Found a glowing golden altar of the Shining One.
  3055 | D:4      | Reached XP level 5. HP: 35/38 MP: 5/5
  3065 | D:4      | Reached skill level 1 in Throwing
  3065 | D:4      | Reached skill level 1 in Armour
  3151 | D:4      | Reached skill level 5 in Shapeshifting
  3152 | D:4      | Reached skill level 1 in Polearms
  3270 | D:4      | Reached XP level 6. HP: 46/46 MP: 7/7
  3405 | D:4      | Reached skill level 1 in Spellcasting
  3441 | D:4      | Learned a level 1 spell: Sting
  3907 | D:4      | Found a hide-covered altar of Uskayaw.
  3916 | D:4      | Became a worshipper of Uskayaw the Reveller
  3917 | D:4      | Noticed Robin
  3923 | D:4      | Reached * piety under Uskayaw
  3929 | D:4      | Killed Robin
  3932 | D:4      | Reached ** piety under Uskayaw
  4146 | D:4      | Reached XP level 7. HP: 51/51 MP: 8/8
  4292 | D:4      | Found a runed translucent door.
  4293 | D:4      | Noticed Crazy Yiuf
  4331 | D:5      | Entered Level 5 of the Dungeon
  4371 | D:5      | Reached skill level 1 in Alchemy
  4539 | D:5      | Found a shadowy altar of Dithmenos.
  4566 | D:5      | Found Kebukh's Antique Armour Boutique.
  4694 | D:5      | Found an iron altar of Okawaru.
  4710 | D:5      | Reached skill level 1 in Invocations
  4788 | D:5      | Reached skill level 1 in Conjurations
  5034 | D:5      | Reached skill level 6 in Shapeshifting
  5214 | D:5      | Reached XP level 8. HP: 58/58 MP: 10/10
  5228 | D:5      | Found a glowing silver altar of Zin.
  5229 | D:5      | Noticed an angel
  5346 | D:5      | Bought a pair of transparent boots for 285 gold pieces
  5346 | D:5      | Identified the +0 pair of boots of Light {Harm MP+9} (You
                  | bought it in a shop on level 5 of the Dungeon)
  5451 | D:6      | Found a burning altar of Makhleb.
  5451 | D:6      | Noticed an Executioner
  5454 | D:6      | Noticed a hellwing
  5454 | D:6      | Noticed a hellwing
  5475 | D:6      | Found a staircase to the Ecumenical Temple.
  5549 | D:6      | Reached skill level 1 in Evocations
  5718 | D:6      | Noticed Menkaure
  5734 | D:6      | Killed Menkaure
  6038 | D:6      | Reached skill level 5 in Unarmed Combat
  6038 | D:6      | Reached skill level 7 in Shapeshifting
  6515 | D:6      | Found an ancient bone altar of Kikubaaqudgha.
  6738 | D:6      | Learned a level 3 spell: Ozocubu's Armour
  6774 | D:6      | Reached XP level 9. HP: 62/63 MP: 12/12
  6788 | D:6      | Reached *** piety under Uskayaw
  6994 | D:7      | Found a shimmering blue altar of Sif Muna.
  7036 | D:7      | Found a flagged portal.
  7069 | Bailey   | Entered a bailey
  7123 | Bailey   | Noticed an orc warlord
  7232 | Bailey   | Reached skill level 1 in Ice Magic
  7327 | Bailey   | Noticed an orc knight
  7388 | Bailey   | Killed an orc knight
  7389 | Bailey   | Reached skill level 8 in Shapeshifting
  7684 | Bailey   | Found a runed translucent gate.
  7686 | Bailey   | Found a runed translucent gate.
  7687 | Bailey   | Found a runed translucent gate.
  7940 | Bailey   | Killed an orc warlord
  7941 | Bailey   | Reached skill level 9 in Shapeshifting
  7941 | Bailey   | Reached XP level 10. HP: 73/73 MP: 10/14
  8700 | D:7      | Reached skill level 10 in Shapeshifting
  8764 | D:7      | Reached skill level 5 in Fighting
  9004 | D:7      | Reached **** piety under Uskayaw
  9960 | D:8      | Reached skill level 13 in Shapeshifting
  9960 | D:8      | Reached XP level 11. HP: 74/79 MP: 13/15
 11766 | D:9      | Noticed a skeletal warrior
 11766 | D:9      | Noticed a centaur warrior
 11766 | D:9      | Noticed a centaur warrior
 11767 | D:9      | Noticed an occultist
 11768 | D:9      | Found a transporter.
 11780 | D:9      | Found a transporter.
 12041 | D:9      | Learned a level 2 spell: Blink
 12457 | D:9      | Identified the +2 robe of Gunuud {rPois Will+ Regen+}
 12527 | D:9      | Noticed a brown ugly thing
 12550 | D:9      | Killed a green ugly thing
 12551 | D:9      | Reached skill level 1 in Translocations
 12735 | D:9      | Found a sacrificial altar of Ru.
 12855 | D:9      | Reached skill level 14 in Shapeshifting
 12893 | D:9      | Found a staircase to the Orcish Mines.
 12940 | D:9      | Reached ***** piety under Uskayaw
 13602 | D:9      | Found a snail-covered altar of Cheibriados.
 13973 | D:4      | Killed Crazy Yiuf
 14224 | D:10     | Entered Level 10 of the Dungeon
 14375 | D:10     | Found a bloodstained altar of Trog.
 14402 | D:10     | Reached XP level 12. HP: 86/88 MP: 16/16
 14414 | D:10     | Noticed a seven-headed hydra
 14764 | D:10     | Found an ornate altar of the Wu Jian Council.
 15140 | D:10     | Found a broken altar of Ashenzari.
 15149 | D:10     | Killed a seven-headed hydra
 15914 | D:11     | Found a staircase to the Lair.
 15942 | D:11     | Reached skill level 10 in Unarmed Combat
 16071 | D:11     | Learned a level 1 spell: Apportation
 16124 | D:11     | Noticed a two-headed ogre
 16129 | D:11     | Killed a two-headed ogre
 16130 | D:11     | Reached skill level 15 in Shapeshifting
 16469 | D:11     | Noticed Erolcha
 16475 | D:11     | Killed Erolcha
 16821 | D:12     | Noticed Rupert
 16947 | Orc:1    | Entered Level 1 of the Orcish Mines
 17021 | D:9      | Killed an occultist
 17654 | Orc:2    | Entered Level 2 of the Orcish Mines
 17963 | Orc:2    | Learned a level 1 spell: Magic Dart
 18000 | Orc:2    | Reached skill level 16 in Shapeshifting
 18227 | Orc:2    | Found a staircase to the Elven Halls.
 18534 | Orc:2    | Reached ****** piety under Uskayaw
 18588 | Orc:2    | Reached XP level 13. HP: 72/98 MP: 11/17
 19678 | Orc:2    | Found Rup Xogu's Jewellery Boutique.
 19678 | Orc:2    | Found Zoaroirgh's Distillery.
 19681 | Orc:2    | Found Xyups's Magic Scroll Shop.
 19707 | Orc:2    | Found Guetihau's Antique Weapon Shop.
 19712 | Orc:2    | Bought a scroll of blinking for 90 gold pieces
 19712 | Orc:2    | Bought a scroll of identify for 24 gold pieces
 19714 | Orc:2    | Bought a potion of haste for 170 gold pieces
 19717 | Orc:2    | Bought a potion of invisibility for 136 gold pieces
 19718 | Orc:2    | Bought a scroll of summoning for 114 gold pieces
 19718 | Orc:2    | Bought a scroll of revelation for 90 gold pieces
 19936 | Lair:1   | Entered Level 1 of the Lair of Beasts
 19942 | Lair:1   | Found a gate leading to a gauntlet.
 19957 | Gauntlet | Entered a Gauntlet
 19957 | Gauntlet | Found a transporter.
 19966 | Gauntlet | Found a transporter.
 19981 | Gauntlet | Found a transporter.
 19986 | Gauntlet | Found a transporter.
 20001 | Gauntlet | Found a transporter.
 20020 | Gauntlet | Found a transporter.
 20032 | Gauntlet | Found a transporter.
 20044 | Gauntlet | Found a transporter.
 20056 | Gauntlet | Found a transporter.
 20068 | Gauntlet | Found a transporter.
 20073 | Gauntlet | Noticed a reaper
 20074 | Gauntlet | Found a transporter.
 20074 | Gauntlet | Found a transporter.
 20115 | Gauntlet | Found a transporter.
 20141 | Gauntlet | Found a transporter.
 20143 | Gauntlet | Found a transporter.
 20163 | Gauntlet | Found a transporter.
 20241 | Gauntlet | Found a transporter.
 20263 | Gauntlet | Found a transporter.
 20408 | Gauntlet | Reached skill level 17 in Shapeshifting
 20676 | Gauntlet | Identified the ring of Lauhudac {rN+ Int+6 SInv}
 20879 | Gauntlet | Noticed a minotaur
 20909 | Gauntlet | Killed a minotaur
 21085 | Gauntlet | Identified the +1 spear of Non Obstante Veredicto {heavy,
                  | rF+}
 22949 | Lair:2   | Found a hole to the Spider Nest.
 22978 | Lair:2   | Reached skill level 5 in Polearms
 23257 | Lair:3   | Learned a level 3 spell: Summon Ice Beast
 23576 | Lair:3   | Found a staircase to the Swamp.
 23587 | Lair:3   | Reached skill level 18 in Shapeshifting
 23592 | Lair:3   | Noticed Amaemon
 23600 | Lair:3   | Killed Amaemon
 23604 | Lair:3   | Reached skill level 1 in Summonings
 23604 | Lair:3   | Reached XP level 14. HP: 80/109 MP: 18/18
 24668 | Lair:4   | Reached skill level 10 in Fighting
 24965 | Lair:4   | Noticed Sonja
 24982 | Lair:4   | Killed Sonja
 26491 | Lair:5   | Entered Level 5 of the Lair of Beasts
 26500 | Lair:5   | Found a staircase to the Slime Pits.
 26500 | Lair:5   | Found a viscous altar of Jiyva.
 27347 | Lair:5   | Noticed Josephine
 27359 | Lair:5   | Killed Josephine
 27519 | Lair:5   | Reached skill level 5 in Dodging
 27556 | Lair:5   | Reached skill level 19 in Shapeshifting
 27732 | Lair:5   | Found a runed translucent gate.
 27732 | Lair:5   | Found a runed translucent gate.
 27732 | Lair:5   | Noticed jlumianski's ghost (journeyman GnSh)
 27733 | Lair:5   | Found a runed translucent gate.
 28073 | Lair:5   | Reached XP level 15. HP: 115/115 MP: 21/21
 28333 | Lair:5   | Reached skill level 5 in Invocations
 28700 | Lair:5   | Identified the +3 quarterstaff "Rimaj" {flame, rPois Str+8
                  | Dex-3 Stlth+}
 28738 | Lair:5   | Identified the +3 chain mail of Reudyss {Harm rPois rN+
                  | Will- Stlth+}
 29333 | D:12     | Killed Rupert
 29776 | D:13     | Found a portal to a secret trove of treasure.
 29828 | D:13     | Identified the +8 mace of Mana {protect, SInv}
 30031 | D:12     | Noticed a frost giant
 30041 | D:12     | Killed a frost giant
 30042 | D:12     | Reached skill level 5 in Alchemy
 30369 | D:12     | Noticed a sphinx
 30374 | D:12     | Killed a sphinx
 30612 | D:12     | Reached skill level 20 in Shapeshifting
 30653 | D:13     | Identified the +5 dagger of Kavyl {flame, Stlth+}
 30707 | D:13     | Identified 2 scrolls of acquirement
 30708 | D:13     | Acquired the +1 pair of boots "Buczel" {rN+ MP+9 Str+3}
 30721 | D:13     | Acquired Lobster4's Monograph on Graupel
 30775 | D:13     | Learned a level 3 spell: Hailstorm
 31830 | D:14     | Found a gate to the Vaults.
 31849 | D:14     | Reached XP level 16. HP: 9/122 MP: 18/22
 31849 | D:14     | Demolished by a necromancer simulacrum

Illustrated notes

Levels and vault maps discovered:
D:1:      elethiomel_arrival_diamonds, layout_loops_ring, minmay_small_reverse_x
D:2:      layout_loops_corners, chequers_ecumenical_altar_grove, basic_altar
D:3:      layout_basic, amcnicky_altar_gilded
D:4:      layout_basic, nicolae_uskayaw_murder_on_the_dancefloor, serial_curves,
          eino_curves_03, eino_curves_04, eino_curves_03, wad_orctagon,
          uniq_robin, uniq_crazy_yiuf_cottage
D:5:      layout_cave_pods, mainiacjoe_overflow_cross_hatched,
          nicolae_overflow_crystal_walls, zin_angel, serial_shops, shop
D:6:      layout_basic, lemuel_zombie_altar_kikubaaqudgha,
          makhleb_altar_promises_db, temple_doors_e, uniq_menkaure
D:7:      layout_basic, nicolae_sif_muna_condensation, enter_bailey_5
D:8:      layout_layer_cave, corexii_checkpoint, nicolae_tricolors
D:9:      gammafunk_sealed_arena, layout_stronghold, slow_altar_2,
          mainiacjoe_overflow_alcove_2, zombieorc2_lemuel
D:10:     layout_basic, mainiacjoe_overflow_concentric_impassable,
          mainiacjoe_overflow_tiny_flanked, lemuel_tele_altar
D:11:     minmay_weird_star, layout_small_grid, lair_entry_dummy, uniq_erolcha
D:12:     minmay_klotski, layout_rooms, uniq_rupert
D:13:     layout_basic, enter_trove_1, special_room [special_room_bee]
D:14:     layout_roguey, grunt_vaults_entry_tiered
Lair:1:   layout_chaotic_city, gauntlet_entry_generic
Lair:2:   layout_misc_corridors, spider_nest_entry_funnel_web,
          infiniplex_staircase_pool
Lair:3:   layout_gridlike, skrybe_swamp_entry_bodies, minivault_27,
          lemuel_fruit_fields, uniq_amaemon
Lair:4:   cheibrodos_lair_overgrown_chateau, layout_regular_city,
          beast_lair_carwin_3, uniq_sonja
Lair:5:   evilmike_catoblepas_cave, layout_small_grid, slime_entry_1,
          gammafunk_ghost_hydra_chop, special_room [special_room_mythical_zoo],
          serial_bayou_pond_d, uniq_josephine
Orc:1:    layout_diamond_mine, basic_altar, nicolae_orc_damp_corner
Orc:2:    st_orc_mages, layout_diamond_mine

Skill      XL: |  1  2  3  4  5  6  7  8  9 10 11 12 13 14 15 |
---------------+----------------------------------------------+-----
Stealth        | 1 2 3 |  3.0
Dodging        | 3 5 |  5.8
Fighting       | 2 3 4 5 6 8 9 10 | 10.0
Short Blades   | 1 2 |  2.0
Throwing       | 1 2 |  2.0
Armour         | 1 2 3 |  3.0
Shapeshifting  | 5 6 7 9 13 14 16 18 19 20 | 20.2
Polearms       | 1 2 3 5 6 9 |  9.0
Spellcasting   | 1 2 3 4 |  4.4
Unarmed Combat | 4 5 6 8 9 10 12 13 | 13.7
Alchemy        | 1 3 5 |  5.0
Invocations    | 1 2 3 4 5 |  5.0
Conjurations   | 1 2 |  2.6
Evocations     | 2 3 |  3.0
Ice Magic      | 3 6 7 8 9 |  9.7
Translocations | 2 3 |  3.0
Summonings     | 1 3 4 |  4.0

Action                     |  1- 3 |  4- 6 |  7- 9 | 10-12 | 13-15 | 16-18 || total
---------------------------+-------+-------+-------+-------+-------+-------++-------
  Melee: Unarmed           |    15 |       |       |   315 |   825 |       ||  1155
         Punch             |     2 |     5 |    11 |    32 |    60 |       ||   110
         Dagger            |    88 |    18 |       |       |       |       ||   106
         Short sword       |       |   167 |   205 |   425 |   361 |       ||  1158
         Tailslap          |       |       |     4 |     7 |    25 |       ||    36
         Spear             |       |       |     3 |       |     5 |       ||     8
         Maw               |       |       |       |   111 |   161 |       ||   272
         Bite              |       |       |       |       |    16 |       ||    16
         Glaive            |       |       |       |       |    10 |       ||    10
  Throw: Dart              |       |    16 |    51 |    21 |     6 |       ||    94
         Boomerang         |       |     3 |    26 |     4 |       |       ||    33
   Cast: Sting             |       |       |    27 |    89 |   108 |       ||   224
         Ozocubu's Armour  |       |       |       |    21 |    78 |       ||    99
         Magic Dart        |       |       |       |     2 |    72 |       ||    74
         Apportation       |       |       |       |     1 |       |       ||     1
         Summon Ice Beast  |       |       |       |       |     1 |       ||     1
 Invoke: Line Pass         |       |       |       |     1 |       |       ||     1
         Stomp             |       |       |       |       |     1 |       ||     1
Ability: Begin Untransform |       |       |       |       |     1 |       ||     1
  Evoke: Wand              |       |       |     2 |    25 |     8 |       ||    35
         Phantom mirror    |       |       |       |       |     2 |       ||     2
         Lightning rod     |       |       |       |       |     5 |       ||     5
         Condenser vane    |       |       |       |       |     1 |       ||     1
    Use: Scroll            |       |       |    12 |     8 |    16 |       ||    36
         Potion            |       |       |     6 |     5 |     6 |     1 ||    18
   Stab: Sleeping          |     1 |       |       |     1 |     3 |       ||     5
         Distracted        |       |     1 |       |     3 |     1 |       ||     5
         Paralysed         |       |       |     2 |    27 |    73 |       ||   102
 Armour: Animal skin       |    26 |       |       |       |       |       ||    26
         Scale mail        |    22 |    47 |       |       |       |       ||    69
         Ring mail         |       |    53 |    34 |       |       |       ||    87
         Steam dragon scal |       |       |    84 |   187 |       |       ||   271
         Skin              |       |       |     7 |   254 |   680 |     2 ||   943
         Robe              |       |       |       |       |    36 |       ||    36
  Dodge: Dodged            |    51 |   105 |   115 |   543 |  1097 |     1 ||  1912
   Form: Beast             |       |     3 |     1 |     2 |     1 |       ||     7
                           |       |     2 |     1 |     1 |       |       ||     4
         Flux              |       |       |       |     3 |     2 |       ||     5
         Maw               |       |       |       |     1 |     2 |       ||     3
         Dragon            |       |       |       |       |     2 |       ||     2
         Blade             |       |       |       |       |     1 |       ||     1

Table legend: (Time is in decaauts)
 A = Elapsed time spent in this place.
 B = Non-inter-level travel time spent in this place.
 C = Inter-level travel time spent in this place.
 D = Time resting spent in this place.
 E = Time spent auto-exploring this place.
 F = Levels seen in this place.
 G = Mean time per level.
                   A        B        C        D        E       F      G
               +--------+--------+--------+--------+--------+-----+--------+
         Total |  31502 |  29437 |   2065 |   7308 |  13772 |  23 | 1369.7 |
       Dungeon |  18839 |  17334 |   1505 |   3951 |   8927 |  14 | 1345.6 |
          Lair |   7849 |   7578 |    271 |   1886 |   3645 |   5 | 1569.8 |
  Orcish Mines |   2791 |   2503 |    288 |    825 |    689 |   2 | 1395.5 |
        Bailey |    896 |    896 |      0 |    164 |    198 |   1 |  896.0 |
      Gauntlet |   1125 |   1125 |      0 |    481 |    312 |   1 | 1125.0 |
               +--------+--------+--------+--------+--------+-----+--------+

Top non-repeatable levels by time:
  Lair:5: 2469 daAuts
     D:8: 2394 daAuts
  Lair:4: 1999 daAuts
     D:9: 1932 daAuts
     D:7: 1816 daAuts
     D:6: 1651 daAuts
    D:10: 1554 daAuts
     D:4: 1439 daAuts
    D:11: 1408 daAuts
   Orc:1: 1402 daAuts
   Orc:2: 1388 daAuts
  Lair:1: 1356 daAuts
  Lair:3: 1236 daAuts
    D:12: 1205 daAuts
Gauntlet: 1125 daAuts
